AoeStats
← kaiapple

African Clearing

505865179Analyzed
4v4 RM · 22d ago on Sep 11, 2026· 78m 31s· 8 players
Game mode
Random Map
Map size
Large (8 player)
Population
200
Speed
Normal
Resources
Standard
Victory
Conquest
Starting age
Dark Age
Ending age
Imperial Age
RankedLock teamsTeams togetherTeam positionsShared explorationLock speedFull tech treeHidden civsTurbo modeCheats
Victory
Defeat
🇦🇺 Persians · Australia
1188
+14
🇧🇪 Vietnamese · Belgium
1170
+15
🇦🇱 Britons · Albania
1165
+15
🇲🇽 Hindustanis · Mexico
1141
+16
🇰🇷 Tatars · South Korea
1162
-15
🇨🇳 Celts · China
1144
-15
🇹🇼 Berbers · Taiwan
1141
-15
🇨🇳 Teutons · China
1133
-15
523988158
3:26 Loom
14:32 Feudal Age
24:40 Castle Age
25:46 Wheelbarrow
25:01 Double-Bit Axe
25:00 Horse Collar
31:00 Scale Barding Armor
32:28 Bloodlines
43:49 Bow Saw
46:42 Heavy Plow
47:38 Pikeman
54:17 Imperial Age
56:10 Chain Barding Armor
56:18 Hand Cart
56:03 Cavalier
57:42 Gold Mining
57:43 Stone Mining
60:08 Squires
59:53 Arson
59:55 Gambesons
61:11 Conscription
61:54 Ironclad
一把葱
3:25 Loom
12:33 Feudal Age
16:34 Castle Age
15:13 Horse Collar
15:27 Double-Bit Axe
17:40 Pikeman
20:48 Scale Mail Armor
27:34 Forging
30:52 Heavy Plow
32:08 Wheelbarrow
35:51 Imperial Age
35:43 Chain Mail Armor
36:04 Iron Casting
37:16 Ballistics
36:23 Halberdier
37:00 Heavy Scorpion
42:03 Chemistry
40:45 Treadmill Crane
41:01 Murder Holes
41:16 Masonry
41:20 Capped Ram
42:05 Siege Ram
43:03 Gold Mining
44:00 Bow Saw
44:24 Plate Mail Armor
44:54 Blast Furnace
45:20 Fletching
52:59 Hand Cart
53:27 Town Watch
54:39 Town Patrol
56:10 Arson
Noobie
3:50 Loom
14:25 Feudal Age
15:08 Double-Bit Axe
16:45 Gold Mining
16:46 Stone Mining
19:48 Fletching
19:59 Padded Archer Armor
20:10 Horse Collar
25:42 Castle Age
25:07 Wheelbarrow
25:47 Crossbowman
26:25 Bodkin Arrow
28:47 Leather Archer Armor
30:37 Heavy Plow
33:46 Husbandry
34:00 Bloodlines
40:25 Imperial Age
38:56 Town Watch
41:36 Ring Archer Armor
41:17 Bracer
41:21 Silk Armor
42:45 Hand Cart
44:43 Ballistics
45:04 Guilds
47:10 Chemistry
47:22 Murder Holes
46:54 Heavy Cavalry Archer
49:35 Herbal Medicine
52:50 Heavy Camel Rider
54:41 Scale Barding Armor
54:47 Forging
55:58 Gold Shaft Mining
56:54 Crop Rotation
58:07 Chain Barding Armor
58:24 Iron Casting
61:45 Caravan
71:40 Elite Skirmisher
遠方的燈
4:20 Loom
19:40 Feudal Age
20:34 Double-Bit Axe
20:30 Horse Collar
23:35 Castle Age
22:43 Bloodlines
22:40 Scale Barding Armor
22:47 Forging
25:47 Bow Saw
26:15 Heavy Plow
29:20 Chain Barding Armor
30:59 Wheelbarrow
33:29 Hand Cart
33:03 Town Watch
36:11 Iron Casting
36:00 Husbandry
47:45 Imperial Age
48:53 Conscription
48:36 Maghrebi Camels
49:17 Plate Barding Armor
49:43 Blast Furnace
48:06 Heavy Camel Rider
48:09 Cavalier
53:15 Guilds
58:08 Elite Skirmisher
58:54 Thumb Ring
58:11 Elite Genitour
58:56 Fletching
59:09 Padded Archer Armor
59:57 Bodkin Arrow
60:17 Leather Archer Armor
61:26 Chemistry
60:47 Ballistics
60:33 Siege Engineers
60:43 Bracer
64:02 Ring Archer Armor
65:16 Scale Mail Armor
Aczino
5:58 Loom
12:32 Feudal Age
13:05 Double-Bit Axe
20:40 Gold Mining
23:47 Castle Age
22:15 Stone Mining
25:07 Light Cavalry
25:59 Bloodlines
30:28 Scale Barding Armor
30:34 Forging
32:49 Husbandry
36:54 Horse Collar
38:32 Heavy Plow
43:04 Imperial Age
41:11 Wheelbarrow
42:15 Iron Casting
43:48 Chain Barding Armor
45:22 Hussar
46:37 Conscription
52:53 Heavy Camel Rider
53:28 Town Watch
54:28 Plate Barding Armor
54:54 Blast Furnace
55:45 Coinage
54:42 Imperial Camel Rider
59:34 Chemistry
59:20 Fletching
59:30 Padded Archer Armor
63:56 Bodkin Arrow
64:16 Leather Archer Armor
65:41 Leather Archer Armor
65:26 Bracer
67:30 Ring Archer Armor
67:22 Ballistics
69:35 Grand Trunk Road
72:13 Stone Shaft Mining
71:46 Scale Mail Armor
74:13 Chain Mail Armor
75:51 Spies/Treason
FlowCycling
3:53 Loom
13:25 Feudal Age
13:58 Double-Bit Axe
17:24 Wheelbarrow
20:13 Castle Age
19:01 Fletching
20:45 Arson
27:48 Husbandry
27:58 Horse Collar
30:05 Bloodlines
31:59 Stone Mining
31:59 Gold Mining
35:40 Bow Saw
37:53 Squires
37:16 Pikeman
40:45 Caravan
41:15 Bodkin Arrow
41:20 Padded Archer Armor
44:49 Thumb Ring
47:25 Leather Archer Armor
47:22 Forging
47:12 Scale Mail Armor
48:01 Heavy Plow
51:42 Imperial Age
51:00 Iron Casting
50:40 Chain Mail Armor
51:28 Ballistics
50:49 Treadmill Crane
52:31 Hand Cart
52:48 Paper Money
53:04 Hoardings
53:35 Chemistry
52:41 Siege Engineers
52:55 Halberdier
53:47 Murder Holes
56:07 Two-Man Saw
55:45 Crop Rotation
55:53 Bracer
58:28 Ring Archer Armor
58:29 Plate Mail Armor
60:53 Stone Shaft Mining
60:44 Guilds
60:04 Elite Rattan Archer
72:45 Scale Barding Armor
75:38 Spies/Treason
insaneBestar
5:17 Loom
15:31 Feudal Age
19:57 Castle Age
19:02 Fletching
19:55 Padded Archer Armor
20:12 Crossbowman
23:59 Bodkin Arrow
31:44 Double-Bit Axe
35:17 Wheelbarrow
34:54 Bow Saw
35:04 Leather Archer Armor
37:31 Hand Cart
37:47 Ballistics
38:55 Town Watch
44:29 Imperial Age
42:20 Town Patrol
42:33 Gold Mining
44:35 Arbalester
46:18 Two-Man Saw
46:22 Chemistry
45:49 Yeomen
45:50 Conscription
46:01 Bracer
49:38 Ring Archer Armor
kaiapple
13:40 Feudal Age
12:08 Loom
17:14 Castle Age
15:05 Double-Bit Axe
15:24 Horse Collar
18:25 Bow Saw
20:47 Wheelbarrow
20:15 Gold Mining
20:16 Stone Mining
23:48 Town Watch
24:43 Scale Mail Armor
24:55 Forging
28:00 Scale Barding Armor
28:30 Iron Casting
30:03 Bloodlines
31:37 Chain Barding Armor
32:19 Fletching
33:54 Husbandry
37:25 Imperial Age
35:56 Heavy Plow
36:14 Bodkin Arrow
36:42 Ballistics
37:08 Cavalier
38:06 Hand Cart
38:54 Blast Furnace
38:30 Plate Barding Armor
38:33 Conscription
38:37 Town Patrol
39:33 Crop Rotation
40:07 Two-Man Saw
39:09 Savar
41:17 Hoardings
41:38 Light Cavalry
44:59 Gold Shaft Mining
45:00 Stone Shaft Mining
45:30 Hussar
48:40 Masonry
49:32 Chemistry
49:26 Scale Mail Armor
49:26 Padded Archer Armor
52:06 Architecture
51:35 Murder Holes
57:06 Citadels
59:54 Chain Mail Armor
59:55 Leather Archer Armor
59:45 Kamandaran
60:08 Pikeman
60:59 Halberdier
61:40 Squires
62:01 Crossbowman
62:46 Thumb Ring
63:17 Plate Mail Armor
63:17 Ring Archer Armor
64:28 Elite Skirmisher
67:13 Imperial Skirmisher
73:50 Guard Tower
76:12 Capped Ram
78:19 Siege Ram
Connection lost

Rejoining the realm…

Still unreachable

The connection could not be restored.

Session expired

The server has moved on; the page needs a fresh start.